cohdb
Replays
Latest Replays
All Replays
Popular Replays
Top Player Replays
Match Explorer
How It Works
Community
CoH3 Stats
Reddit
Sign in to upload your games and track your stats! →
Sign in with Steam
Match 43020136
Unlisted
Match 43020136
Overview
Messages
Build Orders
End
Selects Heavy Weapons
Engineer Squad
Engineer Squad
Construct Weapon Support Center
M1919 Machine Gun Team
M1919 Machine Gun Team
Mechanized Support Center
Mortar Pit
Bazooka Squad
Selects Assault Carriers
M3 Assault Carrier
Bazooka Squad
Selects M2HB .50cal Heavy Machine Gun
Designate Forward Repair Station
Construct Tank Depot
Bazooka Squad
Dahlian
Random_Target
just a chill world leader ♡
JohnstyPonst
Bartolomaeus Bart
[PD]Lurgi
[PD] Ducktus
[PD] Captain Unbrauchbar
0
0
Comments
sign in to comment!
No comments posted yet!